Crunch vs Icehogs
Created - March 25, 2024 at 19:04
Goals
|
| Crunch |
1 |
2 |
3 |
6 |
| Icehogs |
1 |
2 |
1 |
4 |
|
Shots
|
| Crunch |
10 |
7 |
10 |
27 |
| Icehogs |
9 |
5 |
7 |
21 |
|
1st period
1. Crunch , Joe Veleno 4 (Sean Walker 17, Ryan Lindgren 14) at 19:35
2. Icehogs , Hudson Fasching 43 (Michael Rasmussen 18, Mike Reilly 29) at 19:45
Penalties :
Myles Bell (Roc) for Hooking (Minor) at 3:22, Duncan Siemens (Roc) for Goalie Interference (Minor) at 15:13
2nd period
3. Icehogs , Andrew Poturalski 9 (Duncan Siemens 16, Myles Bell 17) at 0:40
4. Crunch , Axel Holmstrom 19 (Brandon Hagel 35, Robert Thomas 40) at 8:35
5. Crunch , Anatoli Golyshev 22 (Ty Dellandrea 5, Joe Veleno 4) at 13:41
6. Icehogs , Dave Bolland 2 (Patrick Sieloff 19, Mikhail Grigorenko 48) at 15:53
Penalties :
Cam Hillis (Syr) for Tripping (Minor) at 1:49, Jordan Oesterle (Syr) for Hooking (Minor) at 8:59, Gustav Lindstrom (Syr) for Tripping (Minor) at 10:19, Mikhail Grigorenko (Roc) for Hooking (Minor) at 16:50, Anatoli Golyshev (Syr) for Roughing (Minor) at 19:03
3rd period
7. Icehogs , Mikhail Grigorenko 45 (Hudson Fasching 48, Patrick Sieloff 20) at 0:12 (PP)
8. Crunch , Maxime Comtois 20 (Jeremy Bracco 38, Kaapo Kahkonen) at 8:04 (PP)
9. Crunch , Robert Thomas 27 (Axel Holmstrom 46, Brandon Hagel 36) at 14:15
10. Crunch , Robert Thomas 28 (Brandon Hagel 37) at 14:48 (PP)
Penalties :
Liam Foudy (Syr) for Boarding (Minor) at 1:31, Duncan Siemens (Roc) for Holding (Minor) at 7:13, Mike Reilly (Roc) for Interference (Minor) at 14:35, Duncan Siemens (Roc) for Hooking (Minor) at 16:39
Goalie Stats
Kaapo Kahkonen (Syr), 17 saves from 21 shots - (0.810), W, 17-13-2, 60:00 minutes
Mackenzie Blackwood (Roc), 21 saves from 27 shots - (0.778), L, 28-20-2, 60:00 minutes
Players Stats for Crunch
Player Name G A P +/- PIM S H SB GA TA FO MP PP MP PK MP
------------------------------------------------------------------------------------
Anatoli Golyshev 1 0 1 2 2 2 2 0 1 0 0/0 12:18 0:01 1:13
Axel Holmstrom 1 1 2 1 0 3 5 0 0 1 18/39 23:16 4:50 4:58
Brandon Biro 0 0 0 0 0 1 1 0 1 1 0/0 7:08 0:00 0:10
Brandon Hagel 0 3 3 1 0 3 1 1 1 0 0/1 22:59 4:50 4:38
Cam Hillis 0 0 0 0 2 0 0 0 0 0 1/2 6:42 0:00 0:00
Connor Bunnaman 0 0 0 -2 0 1 1 0 1 0 3/12 17:21 4:10 1:45
Dalton Thrower 0 0 0 -2 0 1 1 0 1 1 0/0 29:47 5:23 6:05
Gustav Lindstrom 0 0 0 1 2 1 1 0 0 0 0/0 11:12 0:00 0:37
Jeremy Bracco 0 1 1 -2 0 3 1 0 1 0 0/1 15:13 4:10 0:00
Joe Veleno 1 1 2 2 0 1 1 0 0 0 1/4 12:11 0:00 0:40
Jordan Oesterle 0 0 0 -2 2 0 2 1 0 2 0/0 27:47 5:23 4:06
Liam Foudy 0 0 0 0 2 0 0 0 0 0 0/0 6:48 0:00 0:00
Maxime Comtois 1 0 1 -2 0 2 2 1 0 0 0/0 18:05 4:09 2:36
Robert Thomas 2 1 3 1 0 5 0 2 1 0 0/1 17:53 4:50 0:00
Ryan Lindgren 0 1 1 2 0 2 1 0 0 1 0/0 21:36 3:37 3:55
Scott Perunovich 0 0 0 1 0 0 2 0 0 1 0/0 10:11 0:00 0:00
Sean Walker 0 1 1 2 0 0 4 0 1 1 0/0 20:02 3:37 2:21
Ty Dellandrea 0 1 1 2 0 2 0 0 0 0 0/0 10:21 0:00 0:00
Players Stats for Icehogs
Player Name G A P +/- PIM S H SB GA TA FO MP PP MP PK MP
------------------------------------------------------------------------------------
Adam Boqvist 0 0 0 0 0 0 0 1 0 2 0/0 19:24 4:26 0:27
Andrew Poturalski 1 0 1 1 0 1 0 0 0 0 4/4 8:33 0:00 0:00
Calle Andersson 0 0 0 -2 0 0 2 1 0 1 0/0 14:42 0:16 3:43
Clark Bishop 0 0 0 0 0 0 0 0 0 0 0/0 1:21 0:00 1:11
Dave Bolland 1 0 1 1 0 4 2 0 1 0 18/26 20:48 4:51 5:28
Dillon Dube 0 0 0 -3 0 0 2 2 0 0 11/22 20:43 3:34 2:11
Duncan Siemens 0 1 1 -1 6 2 1 1 0 2 0/0 20:49 3:56 1:29
Gabriel Fortier 0 0 0 0 0 0 1 0 0 0 0/0 8:11 0:00 0:11
Hudson Fasching 1 1 2 1 0 4 1 0 1 0 2/2 15:23 4:49 0:00
J.T. Brown 0 0 0 0 0 0 0 0 0 0 0/0 3:48 3:34 0:00
Jeremy Davies 0 0 0 -2 0 0 0 1 0 1 0/0 11:39 0:00 1:34
Jesse Puljujarvi 0 0 0 -2 0 2 2 0 1 0 0/0 12:20 0:00 0:00
Kurtis Gabriel 0 0 0 0 0 1 5 0 0 1 0/0 8:39 0:04 0:00
Maxim Letunov 0 0 0 0 0 1 0 0 0 0 0/2 8:10 0:00 0:10
Michael Rasmussen 0 1 1 1 0 0 1 0 0 0 0/0 12:41 0:01 2:01
Mike Reilly 0 1 1 1 2 1 0 1 1 1 0/0 26:44 3:56 5:17
Mikhail Grigorenko 1 1 2 -2 2 3 2 2 3 0 2/4 22:06 4:51 4:27
Mitchell Chaffee 0 0 0 0 0 0 0 0 0 0 0/0 0:00 0:00 0:00
Myles Bell 0 1 1 0 2 1 9 1 0 0 0/0 17:14 3:34 2:21
Nikita Scherbak 0 0 0 1 0 0 1 0 1 0 0/0 8:33 0:00 0:00
Patrick Russell 0 0 0 0 0 0 0 0 0 0 0/0 0:00 0:00 0:00
Patrick Sieloff 0 2 2 1 0 1 3 2 0 0 0/0 29:06 4:18 5:30
Thomas DiPauli 0 0 0 0 0 0 0 0 0 0 0/0 0:00 0:00 0:00
3 Stars
1 - Robert Thomas (Syr)
2 - Axel Holmstrom (Syr)
3 - Joe Veleno (Syr)
Power Play
Crunch - 2 on 6 Attempt(s) - 33.33%
Icehogs - 1 on 5 Attempt(s) - 20.00%
Penalty Kill
Crunch - 4 on 5 Attempt(s) - 80.00%
- Score 0 goal in Penalty Kill
Icehogs - 4 on 6 Attempt(s) - 66.67%
- Score 0 goal in Penalty Kill
Team Stat
Crunch - Hits : 25 - Faceoff Wins : 23 - Blocked Shots : 5 - Penalty Minutes : 10
Icehogs - Hits : 32 - Faceoff Wins : 37 - Blocked Shots : 12 - Penalty Minutes : 12
Official
Referees : Brian Pochmara and Francois St. Laurent
Linesman : Michel Cormier and Derek Amell
Game Notes
No Game Note
Finance
Level 1 -- Attendance: 2000 (100.00%) -- Ticket Income $140,000
Level 2 -- Attendance: 1000 (100.00%) -- Ticket Income $40,000
Total Attendance: 3000 (100.00%)
Total Ticket Income: $180,000
Other Income: $9,000
Total Income: $189,000
Crunch
5 vs 5 Forward
Center Left Wing Right Wing Time % Phy DF OF
1 Axel Holmstrom Brandon Hagel Robert Thomas 40 1 2 2
2 Connor Bunnaman Maxime Comtois Jeremy Bracco 30 1 2 2
3 Joe Veleno Anatoli Golyshev Ty Dellandrea 20 1 2 2
4 Cam Hillis Brandon Biro Liam Foudy 10 1 2 2
5 vs 5 Defense
Defense Defense Time % Phy DF OF
1 Dalton Thrower Jordan Oesterle 40 1 2 2
2 Sean Walker Ryan Lindgren 30 1 2 2
3 Gustav Lindstrom Scott Perunovich 20 1 2 2
4 Dalton Thrower Jordan Oesterle 10 1 2 2
PowerPlay Forward
Center Left Wing Right Wing Time % Phy DF OF
1 Axel Holmstrom Brandon Hagel Robert Thomas 60 1 2 2
2 Connor Bunnaman Maxime Comtois Jeremy Bracco 40 1 2 2
PowerPlay Defense
Defense Defense Time % Phy DF OF
1 Dalton Thrower Jordan Oesterle 60 1 2 2
2 Sean Walker Ryan Lindgren 40 1 2 2
Penalty Kill 4 Players Forward
Center Wing Time % Phy DF OF
1 Axel Holmstrom Brandon Hagel 60 1 2 2
2 Connor Bunnaman Maxime Comtois 40 1 2 2
Penalty Kill 4 Players Defense
Defense Defense Time % Phy DF OF
1 Dalton Thrower Jordan Oesterle 60 1 2 2
2 Sean Walker Ryan Lindgren 40 1 2 2
Penalty Kill - 3 Players Forward
Forward Time % Phy DF OF
1 Axel Holmstrom 60 1 2 2
2 Connor Bunnaman 40 1 2 2
Penalty Kill - 3 Players Defense
Defense Defense Time % Phy DF OF
1 Dalton Thrower Jordan Oesterle 60 1 2 2
2 Sean Walker Ryan Lindgren 40 1 2 2
4 vs 4 Forward
Center Wing Time % Phy DF OF
1 Axel Holmstrom Brandon Hagel 60 1 2 2
2 Connor Bunnaman Maxime Comtois 40 1 2 2
4 vs 4 Defense
Defense Defense Time % Phy DF OF
1 Dalton Thrower Jordan Oesterle 60 1 2 2
2 Sean Walker Ryan Lindgren 40 1 2 2
Last Minutes Offensive
Center Left Wing Right Wing Defense Defense
Axel Holmstrom Brandon Hagel Jeremy Bracco Dalton Thrower Jordan Oesterle
Last Minutes Defensive
Center Left Wing Right Wing Defense Defense
Axel Holmstrom Brandon Hagel Jeremy Bracco Dalton Thrower Jordan Oesterle
Goaltenders
Starting : Kaapo Kahkonen
Backup : Josef Korenar
Extra Forwards
Normal : Anatoli Golyshev, Axel Holmstrom, Connor Bunnaman - PP : Anatoli Golyshev, Axel Holmstrom - PK : Anatoli Golyshev
Extra Defensemen
Normal : Ryan Lindgren, Gustav Lindstrom, Scott Perunovich - PP : Ryan Lindgren - PK : Ryan Lindgren, Gustav Lindstrom
Penalty Shots
Brandon Hagel, Jeremy Bracco, Robert Thomas, Maxime Comtois, Anatoli Golyshev
Custom OT Lines Forwards
Brandon Hagel, Jeremy Bracco, Robert Thomas, Maxime Comtois, Anatoli Golyshev, Axel Holmstrom, Connor Bunnaman, Ty Dellandrea, Brandon Biro, Liam Foudy
Custom OT Lines Defensemen
Dalton Thrower, Jordan Oesterle, Sean Walker, Ryan Lindgren, Gustav Lindstrom
Scratches
Blake Lizotte (Healthy), Michael Downing (Healthy), Tom Kuhnhackl (Healthy), Liam O'Brien (Healthy), Blake Hillman (Healthy)
Beck Malenstyn (Healthy), Lukas Dostal (Healthy), Louis Domingue (Healthy)
Icehogs
5 vs 5 Forward
Center Left Wing Right Wing Time % Phy DF OF
1 Dillon Dube Mikhail Grigorenko Jesse Puljujarvi 40 1 2 2
2 Dave Bolland Michael Rasmussen Hudson Fasching 30 1 2 2
3 Andrew Poturalski Myles Bell Nikita Scherbak 20 1 2 2
4 Maxim Letunov Gabriel Fortier Kurtis Gabriel 10 1 2 2
5 vs 5 Defense
Defense Defense Time % Phy DF OF
1 Mike Reilly Patrick Sieloff 40 1 2 2
2 Duncan Siemens Adam Boqvist 30 1 2 2
3 Jeremy Davies Calle Andersson 20 1 2 2
4 Mike Reilly Patrick Sieloff 10 1 2 2
PowerPlay Forward
Center Left Wing Right Wing Time % Phy DF OF
1 Dave Bolland Mikhail Grigorenko Hudson Fasching 60 1 2 2
2 Dillon Dube Myles Bell J.T. Brown 40 1 2 2
PowerPlay Defense
Defense Defense Time % Phy DF OF
1 Patrick Sieloff Adam Boqvist 60 1 2 2
2 Duncan Siemens Mike Reilly 40 1 2 2
Penalty Kill 4 Players Forward
Center Wing Time % Phy DF OF
1 Dave Bolland Mikhail Grigorenko 60 1 2 2
2 Dillon Dube Myles Bell 40 1 2 2
Penalty Kill 4 Players Defense
Defense Defense Time % Phy DF OF
1 Mike Reilly Patrick Sieloff 60 1 2 2
2 Duncan Siemens Calle Andersson 40 1 2 2
Penalty Kill - 3 Players Forward
Forward Time % Phy DF OF
1 Dave Bolland 60 1 2 2
2 Dillon Dube 40 1 2 2
Penalty Kill - 3 Players Defense
Defense Defense Time % Phy DF OF
1 Mike Reilly Patrick Sieloff 60 1 2 2
2 Duncan Siemens Calle Andersson 40 1 2 2
4 vs 4 Forward
Center Wing Time % Phy DF OF
1 Dave Bolland Mikhail Grigorenko 60 1 2 2
2 Dillon Dube Myles Bell 40 1 2 2
4 vs 4 Defense
Defense Defense Time % Phy DF OF
1 Mike Reilly Patrick Sieloff 60 1 2 2
2 Duncan Siemens Calle Andersson 40 1 2 2
Last Minutes Offensive
Center Left Wing Right Wing Defense Defense
Dave Bolland Mikhail Grigorenko Hudson Fasching Mike Reilly Patrick Sieloff
Last Minutes Defensive
Center Left Wing Right Wing Defense Defense
Dave Bolland Mikhail Grigorenko Hudson Fasching Mike Reilly Patrick Sieloff
Goaltenders
Starting : Mackenzie Blackwood
Backup : Oscar Dansk
Extra Forwards
Normal : Mikhail Grigorenko, Kurtis Gabriel, Myles Bell - PP : Mikhail Grigorenko, Kurtis Gabriel - PK : Mikhail Grigorenko
Extra Defensemen
Normal : Calle Andersson, Jeremy Davies, Adam Boqvist - PP : Calle Andersson - PK : Calle Andersson, Jeremy Davies
Penalty Shots
Dave Bolland, Hudson Fasching, J.T. Brown, Jesse Puljujarvi, Mikhail Grigorenko
Custom OT Lines Forwards
Dave Bolland, Hudson Fasching, J.T. Brown, Jesse Puljujarvi, Mikhail Grigorenko, Kurtis Gabriel, Myles Bell, Dillon Dube, Nikita Scherbak, Andrew Poturalski
Custom OT Lines Defensemen
Mike Reilly, Patrick Sieloff, Duncan Siemens, Calle Andersson, Jeremy Davies
Scratches
Kristian Reichel (Healthy), JJ. Piccinich (Healthy), Julius Honka (Back Surgery Injury), Declan Chisholm (Healthy), Ross Johnston (Healthy)
Jackson Cates (Healthy), Petr Kvaca (Healthy)
% Time on Ice - Crunch
Lines # - Real PCT - Wanted PCT - Time Play
Normal Forward
1 - 34% - 40% - 14:26
2 - 27% - 30% - 11:25
3 - 24% - 20% - 10:21
4 - 15% - 10% - 6:22
Normal Defense
1 - 43% - 40% - 18:08
2 - 33% - 30% - 14:04
3 - 24% - 20% - 10:11
4 - 0% - 10% - 0:11
PP Forward
1 - 54% - 60% - 4:50
2 - 46% - 40% - 4:10
PP Defense
1 - 60% - 60% - 5:23
2 - 40% - 40% - 3:37
PK Forward
1 - 78% - 60% - 6:02
2 - 22% - 40% - 1:45
PK Defense
1 - 70% - 60% - 5:26
2 - 30% - 40% - 2:21
PK3 Forward
1 - 100% - 60% - 0:39
2 - 0% - 40% - 0:00
PK3 Defense
1 - 100% - 60% - 0:39
2 - 0% - 40% - 0:00
44 Forward
1 - 0% - 60%
2 - 0% - 40%
44 Defense
1 - 0% - 60%
2 - 0% - 40%
Last Minute Offensive - 0:00
Last Minute Defensive - 0:00
Total
Forward - 60:00
Defense - 60:00
|
% Time on Ice - Icehogs
Lines # - Real PCT - Wanted PCT - Time Play
Normal Forward
1 - 29% - 40% - 12:22
2 - 32% - 30% - 13:39
3 - 20% - 20% - 8:33
4 - 19% - 10% - 8:00
Normal Defense
1 - 43% - 40% - 18:09
2 - 31% - 30% - 13:09
3 - 23% - 20% - 9:45
4 - 4% - 10% - 1:31
PP Forward
1 - 58% - 60% - 4:52
2 - 42% - 40% - 3:34
PP Defense
1 - 53% - 60% - 4:30
2 - 47% - 40% - 3:56
PK Forward
1 - 76% - 60% - 6:49
2 - 24% - 40% - 2:11
PK Defense
1 - 61% - 60% - 5:30
2 - 39% - 40% - 3:30
PK3 Forward
1 - 0% - 60%
2 - 0% - 40%
PK3 Defense
1 - 0% - 60%
2 - 0% - 40%
44 Forward
1 - 0% - 60%
2 - 0% - 40%
44 Defense
1 - 0% - 60%
2 - 0% - 40%
Last Minute Offensive - 0:00
Last Minute Defensive - 0:00
Total
Forward - 60:00
Defense - 60:00
|
Play-by-Play
1st period
0:01 of 1st period - Dillon Dube wins face-off versus Axel Holmstrom in neutral zone.
0:03 of 1st period - Off-side.
0:04 of 1st period - Axel Holmstrom wins face-off versus Mikhail Grigorenko in neutral zone.
0:07 of 1st period - Dillon Dube is hit by Brandon Hagel and loses puck.
0:14 of 1st period - Snap shot by Brandon Hagel.
0:14 of 1st period - Stopped by Mackenzie Blackwood with a rebound.
0:16 of 1st period - Wrist shot by Axel Holmstrom.
0:16 of 1st period - Stopped by Mackenzie Blackwood without a rebound.
0:17 of 1st period - Hudson Fasching wins face-off versus Jeremy Bracco in Icehogs zone.
0:28 of 1st period - Snap shot by Maxime Comtois.
0:28 of 1st period - Stopped by Mackenzie Blackwood without a rebound.
0:29 of 1st period - Andrew Poturalski wins face-off versus Joe Veleno in Icehogs zone.
1:04 of 1st period - Off-side.
1:05 of 1st period - Dillon Dube wins face-off versus Axel Holmstrom in neutral zone.
1:16 of 1st period - Slapshot by Brandon Hagel.
1:16 of 1st period - Stopped by Mackenzie Blackwood with a rebound.
1:18 of 1st period - Slapshot by Dalton Thrower.
1:18 of 1st period - Deflect By Robert Thomas.
1:18 of 1st period - Shot Misses the Net.
1:18 of 1st period - Puck is out of play.
1:19 of 1st period - Dave Bolland wins face-off versus Connor Bunnaman in Icehogs zone.
1:19 of 1st period - Dave Bolland is hit by Sean Walker.
1:35 of 1st period - Duncan Siemens is hit by Sean Walker and loses puck.
1:52 of 1st period - Maxime Comtois is hit by Patrick Sieloff and loses puck.
2:03 of 1st period - Slapshot by Maxime Comtois.
2:03 of 1st period - Shot Blocked by Patrick Sieloff.
2:21 of 1st period - Snap shot by Jordan Oesterle.
2:21 of 1st period - Shot Blocked by Mikhail Grigorenko.
2:35 of 1st period - Calle Andersson is hit by Jordan Oesterle.
3:22 of 1st period - Minor Penalty to Myles Bell for Hooking.
3:23 of 1st period - Dave Bolland wins face-off versus Axel Holmstrom in Icehogs zone.
3:40 of 1st period - Off-side.
3:41 of 1st period - Mikhail Grigorenko wins face-off versus Connor Bunnaman in neutral zone.
3:44 of 1st period - Snap shot by Dave Bolland.
3:44 of 1st period - Stopped by Kaapo Kahkonen without a rebound.
3:45 of 1st period - Dave Bolland wins face-off versus Connor Bunnaman in Crunch zone.
3:46 of 1st period - Snap shot by Mikhail Grigorenko.
3:46 of 1st period - Stopped by Kaapo Kahkonen with a rebound.
4:20 of 1st period - Snap shot by Jeremy Bracco.
4:20 of 1st period - Stopped by Mackenzie Blackwood without a rebound.
4:21 of 1st period - Dave Bolland wins face-off versus Axel Holmstrom in Icehogs zone.
4:46 of 1st period - Sean Walker is hit by Dillon Dube and loses puck.
5:22 of 1st period - Penalty to Myles Bell is over, Myles Bell is back on ice.
5:56 of 1st period - Slapshot by Mike Reilly.
5:56 of 1st period - Shot Misses the Net.
6:02 of 1st period - Snap shot by Andrew Poturalski.
6:02 of 1st period - Shot Misses the Net.
6:20 of 1st period - Duncan Siemens is hit by Gustav Lindstrom and loses puck.
6:27 of 1st period - Brandon Hagel is hit by Jesse Puljujarvi and loses puck.
6:38 of 1st period - Wrist shot by Ty Dellandrea.
6:38 of 1st period - Stopped by Mackenzie Blackwood with a rebound.
6:40 of 1st period - Snap shot by Gustav Lindstrom.
6:40 of 1st period - Deflect By Adam Boqvist.
6:40 of 1st period - Stopped by Mackenzie Blackwood without a rebound.
6:41 of 1st period - Dave Bolland wins face-off versus Joe Veleno in Icehogs zone.
6:54 of 1st period - Snap shot by Hudson Fasching.
6:54 of 1st period - Stopped by Kaapo Kahkonen with a rebound.
7:06 of 1st period - Jordan Oesterle is hit by Nikita Scherbak and loses puck.
7:42 of 1st period - Icing by Maxime Comtois.
7:43 of 1st period - Cam Hillis wins face-off versus Maxim Letunov in Crunch zone.
7:52 of 1st period - Wrist shot by Maxim Letunov.
7:52 of 1st period - Stopped by Kaapo Kahkonen without a rebound.
7:53 of 1st period - Dillon Dube wins face-off versus Axel Holmstrom in Crunch zone.
7:58 of 1st period - Wrist shot by Jesse Puljujarvi.
7:58 of 1st period - Shot Blocked by Brandon Hagel.
8:20 of 1st period - Patrick Sieloff is hit by Maxime Comtois and loses puck.
9:44 of 1st period - Dave Bolland is hit by Sean Walker and loses puck.
10:03 of 1st period - Wrist shot by Anatoli Golyshev.
10:03 of 1st period - Shot Misses the Net.
10:38 of 1st period - Gabriel Fortier is hit by Axel Holmstrom and loses puck.
10:45 of 1st period - Snap shot by Robert Thomas.
10:45 of 1st period - Stopped by Mackenzie Blackwood with a rebound.
11:22 of 1st period - Jesse Puljujarvi is hit by Dalton Thrower and loses puck.
11:41 of 1st period - Myles Bell is hit by Ryan Lindgren and loses puck.
12:32 of 1st period - Jordan Oesterle is hit by Michael Rasmussen and loses puck.
12:43 of 1st period - Dalton Thrower is hit by Mikhail Grigorenko and loses puck.
13:08 of 1st period - Jordan Oesterle is hit by Calle Andersson.
13:15 of 1st period - Jeremy Bracco is hit by Myles Bell and loses puck.
14:17 of 1st period - Wrist shot by Mikhail Grigorenko.
14:17 of 1st period - Deflect By Jesse Puljujarvi.
14:17 of 1st period - Stopped by Kaapo Kahkonen without a rebound.
14:18 of 1st period - Mikhail Grigorenko wins face-off versus Axel Holmstrom in Crunch zone.
14:27 of 1st period - Wrist shot by Mikhail Grigorenko.
14:27 of 1st period - Stopped by Kaapo Kahkonen with a rebound.
14:45 of 1st period - Patrick Sieloff is hit by Scott Perunovich and loses puck.
15:03 of 1st period - Off-side.
15:04 of 1st period - Andrew Poturalski wins face-off versus Cam Hillis in neutral zone.
15:13 of 1st period - Minor Penalty to Duncan Siemens for Goalie Interference.
15:14 of 1st period - Axel Holmstrom wins face-off versus Dave Bolland in Icehogs zone.
15:14 of 1st period - Slapshot by Robert Thomas.
15:14 of 1st period - Stopped by Mackenzie Blackwood without a rebound.
15:15 of 1st period - Axel Holmstrom wins face-off versus Dave Bolland in Icehogs zone.
15:46 of 1st period - Sean Walker is hit by Mikhail Grigorenko and loses puck.
17:13 of 1st period - Penalty to Duncan Siemens is over, Duncan Siemens is back on ice.
17:45 of 1st period - Scott Perunovich is hit by Dillon Dube and loses puck.
18:08 of 1st period - Anatoli Golyshev is hit by Myles Bell and loses puck.
19:11 of 1st period - Snap shot by Duncan Siemens.
19:11 of 1st period - Stopped by Kaapo Kahkonen with a rebound.
19:22 of 1st period - Dillon Dube is hit by Anatoli Golyshev and loses puck.
19:33 of 1st period - Slapshot by Sean Walker.
19:33 of 1st period - Shot Misses the Net.
19:35 of 1st period - Backhand shot by Joe Veleno.
19:35 of 1st period - Goal by Joe Veleno - Crunch : 1 - Icehogs : 0.
19:36 of 1st period - Dave Bolland wins face-off versus Axel Holmstrom in neutral zone.
19:39 of 1st period - Wrist shot by Hudson Fasching.
19:39 of 1st period - Shot Misses the Net.
19:41 of 1st period - Slapshot by Mike Reilly.
19:41 of 1st period - Deflect By Robert Thomas.
19:41 of 1st period - Stopped by Kaapo Kahkonen with a rebound.
19:43 of 1st period - Wrist shot by Michael Rasmussen.
19:43 of 1st period - Shot Blocked by Robert Thomas.
19:45 of 1st period - Snap shot by Hudson Fasching.
19:45 of 1st period - Goal by Hudson Fasching - Crunch : 1 - Icehogs : 1.
19:46 of 1st period - Dave Bolland wins face-off versus Axel Holmstrom in neutral zone.
Goals for this period are 1 for Crunch vs 1 for Icehogs.
Shots for this period are 10 for Crunch vs 9 for Icehogs.
2nd period
0:01 of 2nd period - Axel Holmstrom wins face-off versus Dillon Dube in neutral zone.
0:04 of 2nd period - Snap shot by Brandon Hagel.
0:04 of 2nd period - Shot Misses the Net.
0:09 of 2nd period - Icing by Patrick Sieloff.
0:10 of 2nd period - Axel Holmstrom wins face-off versus Dillon Dube in Icehogs zone.
0:30 of 2nd period - Wrist shot by Jesse Puljujarvi.
0:30 of 2nd period - Stopped by Kaapo Kahkonen without a rebound.
0:31 of 2nd period - Andrew Poturalski wins face-off versus Connor Bunnaman in Crunch zone.
0:36 of 2nd period - Wrist shot by Myles Bell.
0:36 of 2nd period - Shot Hit the Post.
0:38 of 2nd period - Slapshot by Duncan Siemens.
0:38 of 2nd period - Stopped by Kaapo Kahkonen with a rebound.
0:40 of 2nd period - Snap shot by Andrew Poturalski.
0:40 of 2nd period - Goal by Andrew Poturalski - Crunch : 1 - Icehogs : 2.
0:41 of 2nd period - Dillon Dube wins face-off versus Axel Holmstrom in neutral zone.
0:48 of 2nd period - Slapshot by Patrick Sieloff.
0:48 of 2nd period - Shot Blocked by Robert Thomas.
1:49 of 2nd period - Minor Penalty to Cam Hillis for Tripping.
1:50 of 2nd period - Axel Holmstrom wins face-off versus Dave Bolland in Crunch zone.
2:08 of 2nd period - Axel Holmstrom is hit by Dave Bolland and loses puck.
3:22 of 2nd period - Jordan Oesterle is hit by Myles Bell and loses puck.
3:49 of 2nd period - Penalty to Cam Hillis is over, Cam Hillis is back on ice.
3:58 of 2nd period - Maxim Letunov is hit by Maxime Comtois and loses puck.
4:07 of 2nd period - Scott Perunovich is hit by Kurtis Gabriel.
4:22 of 2nd period - Ryan Lindgren is hit by Myles Bell and loses puck.
5:27 of 2nd period - Jeremy Bracco is hit by Myles Bell and loses puck.
5:38 of 2nd period - Mikhail Grigorenko is hit by Connor Bunnaman.
6:39 of 2nd period - Connor Bunnaman is hit by Myles Bell and loses puck.
7:49 of 2nd period - Myles Bell is hit by Brandon Biro.
8:05 of 2nd period - Maxim Letunov is hit by Jordan Oesterle and loses puck.
8:12 of 2nd period - Dalton Thrower is hit by Gabriel Fortier and loses puck.
8:25 of 2nd period - Wrist shot by Axel Holmstrom.
8:25 of 2nd period - Deflect By Brandon Hagel.
8:25 of 2nd period - Shot Misses the Net.
8:25 of 2nd period - Puck is out of play.
8:26 of 2nd period - Dave Bolland wins face-off versus Axel Holmstrom in Icehogs zone.
8:31 of 2nd period - Slapshot by Robert Thomas.
8:31 of 2nd period - Shot Misses the Net.
8:33 of 2nd period - Wrist shot by Brandon Hagel.
8:33 of 2nd period - Shot Misses the Net.
8:35 of 2nd period - Wrist shot by Axel Holmstrom.
8:35 of 2nd period - Goal by Axel Holmstrom - Crunch : 2 - Icehogs : 2.
8:36 of 2nd period - Dillon Dube wins face-off versus Axel Holmstrom in neutral zone.
8:59 of 2nd period - Minor Penalty to Jordan Oesterle for Hooking.
9:00 of 2nd period - Dave Bolland wins face-off versus Axel Holmstrom in Crunch zone.
9:17 of 2nd period - Slapshot by Hudson Fasching.
9:17 of 2nd period - Shot Misses the Net.
9:37 of 2nd period - Wrist shot by Maxime Comtois.
9:37 of 2nd period - Shot Misses the Net.
9:39 of 2nd period - Slapshot by Dalton Thrower.
9:39 of 2nd period - Shot Misses the Net.
9:41 of 2nd period - Snap shot by Ryan Lindgren.
9:41 of 2nd period - Deflect By Connor Bunnaman.
9:41 of 2nd period - Stopped by Mackenzie Blackwood without a rebound.
9:42 of 2nd period - Dave Bolland wins face-off versus Brandon Hagel in Icehogs zone.
9:48 of 2nd period - Off-side.
9:49 of 2nd period - Dave Bolland wins face-off versus Axel Holmstrom in neutral zone.
10:19 of 2nd period - Minor Penalty to Gustav Lindstrom for Tripping.
10:20 of 2nd period - Axel Holmstrom wins face-off versus Dillon Dube in Crunch zone.
10:34 of 2nd period - Slapshot by Adam Boqvist.
10:34 of 2nd period - Deflect By J.T. Brown.
10:34 of 2nd period - Shot Misses the Net.
10:34 of 2nd period - Puck is out of play.
10:35 of 2nd period - Dave Bolland wins face-off versus Axel Holmstrom in Crunch zone.
10:59 of 2nd period - Penalty to Jordan Oesterle is over, Jordan Oesterle is back on ice.
11:02 of 2nd period - Ryan Lindgren is hit by Myles Bell and loses puck.
11:11 of 2nd period - Snap shot by Myles Bell.
11:11 of 2nd period - Stopped by Kaapo Kahkonen without a rebound.
11:12 of 2nd period - Dave Bolland wins face-off versus Axel Holmstrom in Crunch zone.
11:43 of 2nd period - Jordan Oesterle is hit by Myles Bell and loses puck.
12:19 of 2nd period - Penalty to Gustav Lindstrom is over, Gustav Lindstrom is back on ice.
12:32 of 2nd period - Slapshot by Brandon Hagel.
12:32 of 2nd period - Shot Misses the Net.
13:16 of 2nd period - Connor Bunnaman is hit by Dave Bolland.
13:20 of 2nd period - Connor Bunnaman is hit by Hudson Fasching and loses puck.
13:33 of 2nd period - Snap shot by Anatoli Golyshev.
13:33 of 2nd period - Stopped by Mackenzie Blackwood with a rebound.
13:35 of 2nd period - Slapshot by Ryan Lindgren.
13:35 of 2nd period - Stopped by Mackenzie Blackwood without a rebound.
13:36 of 2nd period - Joe Veleno wins face-off versus Dillon Dube in Icehogs zone.
13:39 of 2nd period - Snap shot by Ty Dellandrea.
13:39 of 2nd period - Shot Misses the Net.
13:41 of 2nd period - Wrist shot by Anatoli Golyshev.
13:41 of 2nd period - Goal by Anatoli Golyshev - Crunch : 3 - Icehogs : 2.
13:42 of 2nd period - Dillon Dube wins face-off versus Axel Holmstrom in neutral zone.
13:58 of 2nd period - Wrist shot by Brandon Hagel.
13:58 of 2nd period - Shot Misses the Net.
14:32 of 2nd period - Snap shot by Dalton Thrower.
14:32 of 2nd period - Stopped by Mackenzie Blackwood without a rebound.
14:33 of 2nd period - Connor Bunnaman wins face-off versus Dave Bolland in Icehogs zone.
14:42 of 2nd period - Snap shot by Jeremy Bracco.
14:42 of 2nd period - Shot Blocked by Duncan Siemens.
15:25 of 2nd period - Slapshot by Nikita Scherbak.
15:25 of 2nd period - Deflect By Andrew Poturalski.
15:25 of 2nd period - Shot Misses the Net.
15:25 of 2nd period - Puck is out of play.
15:26 of 2nd period - Dillon Dube wins face-off versus Robert Thomas in Crunch zone.
15:53 of 2nd period - Wrist shot by Dave Bolland.
15:53 of 2nd period - Goal by Dave Bolland - Crunch : 3 - Icehogs : 3.
15:54 of 2nd period - Axel Holmstrom wins face-off versus Dillon Dube in neutral zone.
15:59 of 2nd period - Jesse Puljujarvi is hit by Axel Holmstrom and loses puck.
16:06 of 2nd period - Snap shot by Axel Holmstrom.
16:06 of 2nd period - Shot Misses the Net.
16:08 of 2nd period - Slapshot by Dalton Thrower.
16:08 of 2nd period - Shot Misses the Net.
16:10 of 2nd period - Wrist shot by Brandon Hagel.
16:10 of 2nd period - Stopped by Mackenzie Blackwood without a rebound.
16:11 of 2nd period - Hudson Fasching wins face-off versus Connor Bunnaman in Icehogs zone.
16:38 of 2nd period - Robert Thomas is hit by Duncan Siemens and loses puck.
16:50 of 2nd period - Minor Penalty to Mikhail Grigorenko for Hooking.
16:51 of 2nd period - Axel Holmstrom wins face-off versus Dave Bolland in Icehogs zone.
18:50 of 2nd period - Penalty to Mikhail Grigorenko is over, Mikhail Grigorenko is back on ice.
19:03 of 2nd period - Minor Penalty to Anatoli Golyshev for Roughing.
19:04 of 2nd period - Dave Bolland wins face-off versus Axel Holmstrom in Crunch zone.
19:40 of 2nd period - Connor Bunnaman is hit by Myles Bell and loses puck.
Goals for this period are 2 for Crunch vs 2 for Icehogs.
Shots for this period are 7 for Crunch vs 5 for Icehogs.
3rd period
0:01 of 3rd period - Axel Holmstrom wins face-off versus Dave Bolland in neutral zone.
0:10 of 3rd period - Slapshot by Patrick Sieloff.
0:10 of 3rd period - Shot Misses the Net.
0:12 of 3rd period - Snap shot by Hudson Fasching.
0:12 of 3rd period - Deflect By Mikhail Grigorenko.
0:12 of 3rd period - Goal by Mikhail Grigorenko - Crunch : 3 - Icehogs : 4.
0:13 of 3rd period - Axel Holmstrom wins face-off versus Dillon Dube in neutral zone.
0:26 of 3rd period - Slapshot by Dalton Thrower.
0:26 of 3rd period - Shot Blocked by Mike Reilly.
1:31 of 3rd period - Minor Penalty to Liam Foudy for Boarding.
1:32 of 3rd period - Axel Holmstrom wins face-off versus Mikhail Grigorenko in Crunch zone.
3:31 of 3rd period - Penalty to Liam Foudy is over, Liam Foudy is back on ice.
3:36 of 3rd period - Brandon Biro is hit by Calle Andersson and loses puck.
3:57 of 3rd period - Icing by Gabriel Fortier.
3:58 of 3rd period - Connor Bunnaman wins face-off versus Maxim Letunov in Icehogs zone.
4:22 of 3rd period - Kurtis Gabriel is hit by Axel Holmstrom and loses puck.
4:51 of 3rd period - Snap shot by Maxime Comtois.
4:51 of 3rd period - Shot Misses the Net.
4:53 of 3rd period - Wrist shot by Jeremy Bracco.
4:53 of 3rd period - Shot Blocked by Mikhail Grigorenko.
4:55 of 3rd period - Snap shot by Jeremy Bracco.
4:55 of 3rd period - Stopped by Mackenzie Blackwood without a rebound.
4:56 of 3rd period - Dave Bolland wins face-off versus Connor Bunnaman in Icehogs zone.
5:01 of 3rd period - Backhand shot by Dave Bolland.
5:01 of 3rd period - Stopped by Kaapo Kahkonen with a rebound.
6:47 of 3rd period - Patrick Sieloff is hit by Anatoli Golyshev and loses puck.
6:52 of 3rd period - Backhand shot by Anatoli Golyshev.
6:52 of 3rd period - Shot Misses the Net.
6:54 of 3rd period - Slapshot by Sean Walker.
6:54 of 3rd period - Deflect By Ty Dellandrea.
6:54 of 3rd period - Shot Misses the Net.
6:54 of 3rd period - Puck is out of play.
6:55 of 3rd period - Axel Holmstrom wins face-off versus Dave Bolland in Icehogs zone.
7:13 of 3rd period - Minor Penalty to Duncan Siemens for Holding.
7:14 of 3rd period - Axel Holmstrom wins face-off versus Dave Bolland in Icehogs zone.
7:49 of 3rd period - Snap shot by Dalton Thrower.
7:49 of 3rd period - Deflect By Brandon Hagel.
7:49 of 3rd period - Shot Blocked by Myles Bell.
7:49 of 3rd period - Puck is out of play.
7:50 of 3rd period - Dave Bolland wins face-off versus Connor Bunnaman in Icehogs zone.
7:50 of 3rd period - Dave Bolland is hit by Sean Walker.
8:04 of 3rd period - Snap shot by Maxime Comtois.
8:04 of 3rd period - Goal by Maxime Comtois - Crunch : 4 - Icehogs : 4.
8:05 of 3rd period - Dillon Dube wins face-off versus Axel Holmstrom in neutral zone.
8:32 of 3rd period - Connor Bunnaman is hit by Patrick Sieloff and loses puck.
9:19 of 3rd period - Brandon Biro is hit by Kurtis Gabriel and loses puck.
10:04 of 3rd period - Slapshot by Hudson Fasching.
10:04 of 3rd period - Stopped by Kaapo Kahkonen with a rebound.
10:06 of 3rd period - Wrist shot by Hudson Fasching.
10:06 of 3rd period - Shot Blocked by Maxime Comtois.
10:30 of 3rd period - Adam Boqvist is hit by Joe Veleno and loses puck.
10:43 of 3rd period - Snap shot by Kurtis Gabriel.
10:43 of 3rd period - Shot Blocked by Jordan Oesterle.
10:51 of 3rd period - Snap shot by Brandon Biro.
10:51 of 3rd period - Stopped by Mackenzie Blackwood with a rebound.
11:27 of 3rd period - Wrist shot by Brandon Hagel.
11:27 of 3rd period - Shot Blocked by Jeremy Davies.
11:29 of 3rd period - Slapshot by Gustav Lindstrom.
11:29 of 3rd period - Shot Blocked by Dillon Dube.
11:31 of 3rd period - Wrist shot by Brandon Hagel.
11:31 of 3rd period - Shot Misses the Net.
11:33 of 3rd period - Slapshot by Gustav Lindstrom.
11:33 of 3rd period - Shot Blocked by Calle Andersson.
12:31 of 3rd period - Patrick Sieloff is hit by Axel Holmstrom and loses puck.
12:51 of 3rd period - Connor Bunnaman is hit by Jesse Puljujarvi and loses puck.
12:58 of 3rd period - Jeremy Bracco is hit by Patrick Sieloff.
13:34 of 3rd period - Jeremy Bracco is hit by Kurtis Gabriel and loses puck.
13:41 of 3rd period - Dalton Thrower is hit by Kurtis Gabriel and loses puck.
13:50 of 3rd period - Kurtis Gabriel is hit by Scott Perunovich and loses puck.
14:01 of 3rd period - Wrist shot by Kurtis Gabriel.
14:01 of 3rd period - Stopped by Kaapo Kahkonen without a rebound.
14:02 of 3rd period - Axel Holmstrom wins face-off versus Dillon Dube in Crunch zone.
14:07 of 3rd period - Snap shot by Robert Thomas.
14:07 of 3rd period - Shot Blocked by Adam Boqvist.
14:13 of 3rd period - Snap shot by Axel Holmstrom.
14:13 of 3rd period - Stopped by Mackenzie Blackwood with a rebound.
14:15 of 3rd period - Slapshot by Robert Thomas.
14:15 of 3rd period - Goal by Robert Thomas - Crunch : 5 - Icehogs : 4.
14:16 of 3rd period - Axel Holmstrom wins face-off versus Dillon Dube in neutral zone.
14:21 of 3rd period - Wrist shot by Robert Thomas.
14:21 of 3rd period - Stopped by Mackenzie Blackwood without a rebound.
14:22 of 3rd period - Axel Holmstrom wins face-off versus Dillon Dube in Icehogs zone.
14:31 of 3rd period - Wrist shot by Robert Thomas.
14:31 of 3rd period - Shot Blocked by Patrick Sieloff.
14:33 of 3rd period - Slapshot by Dalton Thrower.
14:33 of 3rd period - Shot Blocked by Dillon Dube.
14:35 of 3rd period - Minor Penalty to Mike Reilly for Interference.
14:36 of 3rd period - Dave Bolland wins face-off versus Axel Holmstrom in Icehogs zone.
14:48 of 3rd period - Wrist shot by Robert Thomas.
14:48 of 3rd period - Deflect By Mikhail Grigorenko.
14:48 of 3rd period - Goal by Robert Thomas - Crunch : 6 - Icehogs : 4.
14:49 of 3rd period - Dillon Dube wins face-off versus Axel Holmstrom in neutral zone.
15:43 of 3rd period - Snap shot by Hudson Fasching.
15:43 of 3rd period - Stopped by Kaapo Kahkonen with a rebound.
15:45 of 3rd period - Snap shot by Dave Bolland.
15:45 of 3rd period - Shot Misses the Net.
15:47 of 3rd period - Wrist shot by Patrick Sieloff.
15:47 of 3rd period - Stopped by Kaapo Kahkonen without a rebound.
15:48 of 3rd period - Andrew Poturalski wins face-off versus Joe Veleno in Crunch zone.
16:03 of 3rd period - Snap shot by Ty Dellandrea.
16:03 of 3rd period - Stopped by Mackenzie Blackwood without a rebound.
16:04 of 3rd period - Dillon Dube wins face-off versus Connor Bunnaman in Icehogs zone.
16:39 of 3rd period - Minor Penalty to Duncan Siemens for Hooking.
16:40 of 3rd period - Dave Bolland wins face-off versus Axel Holmstrom in Icehogs zone.
17:00 of 3rd period - Patrick Sieloff is hit by Axel Holmstrom and loses puck.
17:21 of 3rd period - Slapshot by Dalton Thrower.
17:21 of 3rd period - Deflect By Connor Bunnaman.
17:21 of 3rd period - Shot Misses the Net.
17:21 of 3rd period - Puck is out of play.
17:22 of 3rd period - Dillon Dube wins face-off versus Connor Bunnaman in Icehogs zone.
17:45 of 3rd period - Snap shot by Axel Holmstrom.
17:45 of 3rd period - Deflect By Calle Andersson.
17:45 of 3rd period - Shot Misses the Net.
17:45 of 3rd period - Puck is out of play.
17:46 of 3rd period - Axel Holmstrom wins face-off versus Dillon Dube in Icehogs zone.
17:49 of 3rd period - Wrist shot by Axel Holmstrom.
17:49 of 3rd period - Shot Misses the Net.
18:23 of 3rd period - Snap shot by Jeremy Bracco.
18:23 of 3rd period - Stopped by Mackenzie Blackwood without a rebound.
18:24 of 3rd period - Connor Bunnaman wins face-off versus Dillon Dube in Icehogs zone.
18:31 of 3rd period - Snap shot by Jeremy Bracco.
18:31 of 3rd period - Shot Misses the Net.
18:33 of 3rd period - Slapshot by Ryan Lindgren.
18:33 of 3rd period - Stopped by Mackenzie Blackwood with a rebound.
18:39 of 3rd period - Penalty to Duncan Siemens is over, Duncan Siemens is back on ice.
18:49 of 3rd period - Snap shot by Hudson Fasching.
18:49 of 3rd period - Deflect By Dave Bolland.
18:49 of 3rd period - Stopped by Kaapo Kahkonen with a rebound.
19:17 of 3rd period - Dave Bolland is hit by Jeremy Bracco and loses puck.
19:32 of 3rd period - Jordan Oesterle is hit by Kurtis Gabriel and loses puck.
Goals for this period are 3 for Crunch vs 1 for Icehogs.
Shots for this period are 10 for Crunch vs 7 for Icehogs.